Cogmind - Beta 10.2 @@@ ROGUE MODE // 2021.04.19 @ 16:46:23 Player: kicktown Result: Destroyed by G-47 Trooper with Particle Gun Performance ------------- Evolutions (2) 1000 Regions Visited (5) 1000 Robots Destroyed (64) 320 Value Destroyed (1843) 1843 Prototype IDs (10) 200 Alien Tech Used (0) 0 Bonus (74) 74 TOTAL SCORE: 4437 Bonus ------- Follower Combat Kills 74 Cogmind --------- Core Integrity 0/550 Matter 251/300 Energy 130/280 System Corruption 0% Temperature Cool (102) Movement Core (350) Ox6 Location -8/Materials Parts ------- > --- POWER (1) -------- Heavy Ion Engine > --- PROPULSION (3) --- (None) > --- UTILITY (5) ------ Medium Storage Unit Targeting Computer Armor Integrity Analyzer > --- WEAPON (2) ------- Shock Rifle > --- INVENTORY (8) ---- (None) Peak State ------------ > --- POWER ------------ Cooled Ion Engine > --- PROPULSION ------- Advanced Treads Advanced Treads Advanced Treads > --- UTILITY ---------- Medium Storage Unit Targeting Computer Targeting Computer Armor Integrity Analyzer Drone Bay > --- WEAPON ----------- Improved Medium Laser Slug Cannon > --- INVENTORY -------- Heavy Ion Engine Advanced Treads Medium Armor Plating Heavy EM Pulse Gun Rocket Launcher Hammer [Rating: 30] Favorites ----------- Power Heavy Ion Engine Engine Heavy Ion Engine Propulsion Advanced Treads Treads Advanced Treads Wheel Compact Wheel Flight Unit Improved Flight Unit Utility Medium Storage Unit Device Improved Sensor Array Storage Medium Storage Unit Processor Armor Integrity Analyzer Protection Light Armor Plating Weapon Slug Cannon Energy Gun EM Pulse Gun Energy Cannon Light EM Pulse Cannon Ballistic Gun Improved Assault Rifle Ballistic Cannon Slug Cannon Launcher Rocket Launcher Impact Weapon Hammer Build | -11 -10 -10 -9 -9 -8 ------- Run | Scr Mat Min Mat Sto Mat Slots Evolved 4 | . . . 2 . 2 Power . | . . . . . . Propulsion 1 | . . . 1 . . Utility 3 | . . . 1 . 2 Weapon . | . . . . . . Parts Attached 70 | 6 5 6 13 28 12 Power 5 | 1 . . 2 1 1 Engine 5 | 1 . . 2 1 1 Core . | . . . . . . Reactor . | . . . . . . Propulsion 22 | 2 4 4 4 6 2 Treads 15 | . 3 2 3 5 2 Leg . | . . . . . . Wheel 6 | 2 1 2 1 . . Hover . | . . . . . . Flight 1 | . . . . 1 . Utility 14 | 1 1 . 4 4 4 Device 4 | . . . 3 1 . Storage 4 | 1 1 . 1 . 1 Processor 4 | . . . . 2 2 Hackware . | . . . . . . Protection 2 | . . . . 1 1 Artifact . | . . . . . . Weapon 29 | 2 . 2 3 17 5 Energy Gun 8 | 2 . . . 3 3 Energy Cannon 8 | . . 1 2 5 . Ballistic Gun 2 | . . . 1 1 . Ballistic Cannon 6 | . . 1 . 5 . Launcher 2 | . . . . 1 1 Special Weapon . | . . . . . . Impact Weapon 3 | . . . . 2 1 Slashing Weapon . | . . . . . . Piercing Weapon . | . . . . . . Special Melee Weapon . | . . . . . . Unidentified Prototypes 4 | . . . 2 2 . Parts Lost 20 | . . 1 . 4 15 Power 1 | . . . . . 1 Propulsion 5 | . . . . . 5 Utility 6 | . . . . 2 4 Weapon 8 | . . 1 . 2 5 Highest Loss Streak 15 | . . 1 . 1 15 Average Slot Usage (%) 96 | . 97 100 98 96 75 Engine 11 | . 14 14 11 10 7 Treads 28 | . 20 17 32 32 15 Wheel 2 | . 7 10 . . . Device 6 | . . . 10 9 2 Storage 18 | . 25 28 22 15 9 Processor 4 | . . . . 5 26 Energy Gun 6 | . 28 14 5 2 6 Energy Cannon 5 | . . . 10 7 . Ballistic Cannon 8 | . . 12 5 8 4 Impact Weapon 2 | . . . . 3 1 Naked Turns . | . . . . . . Heaviest Build 33 | 13 15 20 31 31 33 Greatest Support 66 | 32 40 40 66 66 66 Greatest Overweight (x) 8 | . . 1 1 8 5 Average Overweight (x) . | . . . . . . Largest Inventory Capacity 8 | 6 6 6 8 8 8 Average Capacity 7 | 5 6 6 7 8 8 Most Carried 8 | 4 6 6 8 8 7 Average Carried 6 | 2 5 5 6 7 3 Final Capacity 8 | 6 6 6 8 8 8 Final Carried 8 | 4 6 6 8 8 . Class Distribution -------------------- 100% | Mutant Dominant Class ---------------- Mutant | -10/Materials Mutant | -10/Mines Mutant | -9/Materials Mutant | -9/Storage Mutant | -8/Materials Resources | -11 -10 -10 -9 -9 -8 ----------- Run | Scr Mat Min Mat Sto Mat Matter Collected 1398 | 236 74 103 196 586 203 Remotely . | . . . . . . Salvage Created 2383 | . 170 161 196 1474 382 Parts 146 | . 12 16 9 91 18 Haulers Intercepted 6 | . . . 1 5 . Recyclers Shooed 1 | . . . . 1 . Parts Field Recycled . | . . . . . . Retrieved Matter . | . . . . . . Parts Self-Destructed . | . . . . . . Prevented . | . . . . . . Kills | -11 -10 -10 -9 -9 -8 ------- Run | Scr Mat Min Mat Sto Mat Combat Hostiles Destroyed 47 | . 4 6 3 23 11 Melee 1 | . . . . . 1 Guns 9 | . 3 3 . 1 2 Cannons 26 | . . 2 3 17 4 AOE 8 | . 1 1 . 2 4 Classes Destroyed 11 | . 5 1 2 3 . Worker 4 | . . 1 . 2 1 Builder 1 | . 1 . . . . Hauler 6 | . . . 1 5 . Recycler 1 | . . . . 1 . Operator 1 | . 1 . . . . Watcher 4 | . 1 . 1 2 . Swarmer 11 | . 3 4 . 3 1 Grunt 17 | . 1 2 1 7 6 Brawler 1 | . . . . 1 . Duelist 1 | . . . . 1 . Sentry 17 | . . . 2 11 4 Best Kill Streak 5 | . 5 2 2 5 5 Combat Bots Only 4 | . 3 2 2 3 4 Max Kills in Single Turn 3 | . 1 2 1 2 3 Gunslinging . | . . . . . . Exploded 3 | . 1 1 . 1 3 Melee 1 | . . . . . 1 Uniques/NPCs Destroyed . | . . . . . . Combat | -11 -10 -10 -9 -9 -8 -------- Run | Scr Mat Min Mat Sto Mat Damage Taken 3425 | . 102 190 105 765 2263 Core 678 | . . 30 11 82 555 Absorbed by Shields . | . . . . . . Core Remaining (%) 88 | 100 . 88 . 76 . Volleys Fired 194 | . 15 18 14 120 27 Largest 2 | . 2 2 2 2 2 Hottest 112 | . 80 108 112 112 104 Shots Fired 309 | . 30 33 24 180 42 Gun 120 | . 30 22 7 38 23 Cannon 183 | . . 11 17 140 15 Launcher 6 | . . . . 2 4 Special . | . . . . . . Kinetic 97 | . . 8 11 63 15 Thermal 23 | . . 3 . 12 8 Explosive 6 | . . . . 2 4 Electromagnetic 183 | . 30 22 13 103 15 Robot Hit Streak 20 | . 5 7 5 16 20 Robot Miss Streak 3 | . 1 3 1 3 2 Penetration Max . | . . . . . . Secondary Targets 2 | . 1 1 . . . Max Gunslinging Chain 1 | . 1 1 . . . Shots Hit Robots 196 | . 22 19 16 94 45 Core Hits 95 | . 8 10 6 45 26 Critical Hits 12 | . . . 2 6 4 Critical Kills 5 | . . . 1 1 3 Critical Parts Destroyed 5 | . . . 1 4 . Melee Attacks 63 | . . . . 52 11 Impact 63 | . . . . 52 11 Slashing . | . . . . . . Piercing . | . . . . . . Sneak Attacks 1 | . . . . 1 . Combat Hostiles . | . . . . . . Follow-up Attacks . | . . . . . . Damage Inflicted 4887 | . 414 358 389 2285 1441 Guns 1247 | . 307 175 82 379 304 Cannons 2589 | . . 162 307 1605 515 Explosions 875 | . 107 21 . 262 485 Melee 176 | . . . . 39 137 Ramming . | . . . . . . Kinetic 1156 | . . 100 182 359 515 Thermal 629 | . 107 83 . 192 247 Explosive 428 | . . . . 70 358 Electromagnetic 2498 | . 307 175 207 1625 184 Impact 176 | . . . . 39 137 Slashing . | . . . . . . Piercing . | . . . . . . Highest Corruption 1 | . . . . 1 . Average Corruption 1 | . . . . 1 . Corruption Purged . | . . . . . . Effects 2 | . . . . 2 . Message Errors 1 | . . . . 1 . Energy Discharges 1 | . . . . 1 . Overload Shots . | . . . . . . Overflow Damage 70 | . . . 8 31 31 Projectiles 25 | . . . 8 8 9 Explosions 45 | . . . . 23 22 Melee . | . . . . . . Knockbacks 4 | . . . 1 3 . Impact . | . . . . . . Kinetic 3 | . . . 1 2 . Secondary 1 | . . . . 1 . Self-Inflicted Damage 296 | . 38 . . 89 169 Shots 7 | . 1 . . 2 4 Rammed . | . . . . . . Targets Rammed . | . . . . . . Kicked . | . . . . . . Crushed . | . . . . . . Highest Temperature 410 | . 162 171 151 324 410 Average Temperature 93 | . 61 57 48 92 178 Received Heat Transfer 1212 | . 12 45 51 186 918 Effects 4 | . . . . 2 2 Energy Bleed 2 | . . . . 2 . Interference 2 | . . . . . 2 Siege Activations . | . . . . . . Robots Corrupted 5 | . 1 . . 4 . Combat Hostiles 3 | . . . . 3 . Parts Fried 12 | . 1 . . 11 . Impact Corruptions . | . . . . . . Robots Melted . | . . . . . . Combat Hostiles . | . . . . . . Parts Melted 2 | . 1 1 . . . Heat Transferred 870 | . 150 111 . 200 409 Parts Sabotaged . | . . . . . . Parts Stolen . | . . . . . . Parts Stripped . | . . . . . . Power Chain Reactions 9 | . 3 1 . 4 1 Missiles Intercepted . | . . . . . . Alert | -11 -10 -10 -9 -9 -8 ------- Run | Scr Mat Min Mat Sto Mat Peak Influence 388 | . 177 199 185 388 171 Initial 92 | . . 69 20 . 92 Average 170 | . 117 98 127 219 81 Maximum Alert Level 1 | . . . . 1 . Low Security (%) 61 | 100 100 100 100 34 100 Level 1 38 | . . . . 65 . Level 2 . | . . . . . . Level 3 . | . . . . . . Level 4 . | . . . . . . Level 5 . | . . . . . . High Security . | . . . . . . Max Security . | . . . . . . Squads Dispatched 8 | . 1 . . 4 3 Investigation 1 | . . . . 1 . Extermination . | . . . . . . Reinforcement 2 | . 1 . . . 1 Assault . | . . . . . . Garrison 5 | . . . . 3 2 Intercept . | . . . . . . Construction Impeded 1 | . . . . . 1 Haulers Reinforced . | . . . . . . Stealth | -11 -10 -10 -9 -9 -8 --------- Run | Scr Mat Min Mat Sto Mat Distress Signals 6 | . 1 . 1 3 1 Communications Jammed . | . . . . . . Distress Signals . | . . . . . . Times Spotted 68 | . 9 11 6 27 15 Peak Tracking Total 7 | . 4 3 4 3 7 Tactical Retreats 3 | . . 1 2 . . Traps | -11 -10 -10 -9 -9 -8 ------- Run | Scr Mat Min Mat Sto Mat Traps Triggered 1 | . . . . 1 . Indirectly . | . . . . . . Trap Hack Attempts . | . . . . . . Triggered . | . . . . . . Disarmed . | . . . . . . Reprogrammed . | . . . . . . Reused . | . . . . . . Traps Extracted . | . . . . . . Installed . | . . . . . . Triggered . | . . . . . . Machines | -11 -10 -10 -9 -9 -8 ---------- Run | Scr Mat Min Mat Sto Mat Machines Disabled 8 | . 2 1 . 4 1 Max in Single Turn 1 | . 1 1 . 1 1 Machines Sabotaged . | . . . . . . Garrisons Compromised . | . . . . . . Overloaded Fab Kills . | . . . . . . Fab Network Shutdowns . | . . . . . . Hacking | -11 -10 -10 -9 -9 -8 --------- Run | Scr Mat Min Mat Sto Mat Machines Accessed 13 | . . 1 2 10 . Terminals 8 | . . 1 . 7 . Fabricators . | . . . . . . Repair Stations 1 | . . . . 1 . Recycling Units 3 | . . . 1 2 . Scanalyzers 1 | . . . 1 . . Garrison Access . | . . . . . . Total Hacks 31 | . . 2 4 25 . Successful 22 | . . 1 4 17 . Failed 9 | . . 1 . 8 . Catastrophic . | . . . . . . Database Lockouts . | . . . . . . Manual 2 | . . . . 2 . Terminals 15 | . . 2 . 13 . Fabricators . | . . . . . . Repair Stations 5 | . . . . 5 . Recycling Units 8 | . . . 1 7 . Scanalyzers 3 | . . . 3 . . Garrison Access . | . . . . . . Terminal Hacks 10 | . . 1 . 9 . Part Schematic 1 | . . . . 1 . Prototype ID Bank 3 | . . . . 3 . Open Door 2 | . . . . 2 . Branch Access Points 1 | . . . . 1 . Emergency Access Points 1 | . . . . 1 . Maintenance Status 1 | . . . . 1 . Zone Layout 1 | . . 1 . . . Fabricator Hacks . | . . . . . . Repair Station Hacks 4 | . . . . 4 . Scan Component 2 | . . . . 2 . Repair 2 | . . . . 2 . Recycling Unit Hacks 3 | . . . 1 2 . Retrieve Components 3 | . . . 1 2 . Scanalyzer 3 | . . . 3 . . Insert Component 1 | . . . 1 . . Analyze 2 | . . . 2 . . Garrison Access Hacks . | . . . . . . Unauthorized Hacks 2 | . . . . 2 . Terminals . | . . . . . . Fabricators . | . . . . . . Repair Stations . | . . . . . . Recycling Units 2 | . . . . 2 . Reject 2 | . . . . 2 . Scanalyzers . | . . . . . . Garrison Access . | . . . . . . Data Cores Recovered . | . . . . . . Used . | . . . . . . Hacking Detections 9 | . . 1 2 6 . Full Trace Events . | . . . . . . Feedback Events . | . . . . . . Feedback Blocked . | . . . . . . Robot Schematics Acquired . | . . . . . . Robots Built . | . . . . . . Matter . | . . . . . . Time . | . . . . . . Total Robot Build Rating . | . . . . . . Part Schematics Acquired 2 | . . . 1 1 . Parts Built . | . . . . . . Matter . | . . . . . . Time . | . . . . . . Total Part Build Rating . | . . . . . . Parts Repaired 2 | . . . . 2 . Time 76 | . . . . 76 . Parts Recycled . | . . . . . . Recycled Matter . | . . . . . . Retrieved Matter . | . . . . . . Retrieved Components 22 | . . . 2 20 . Parts Scanalyzed 1 | . . . 1 . . Part Schematics Acquired 1 | . . . 1 . . Parts Damaged . | . . . . . . Bothacking | -11 -10 -10 -9 -9 -8 ------------ Run | Scr Mat Min Mat Sto Mat Used RIF Installer . | . . . . . . Robots Hacked . | . . . . . . Non-combat . | . . . . . . Combat . | . . . . . . Robot Hacks Applied . | . . . . . . Relay Couplers Released . | . . . . . . Robots Rewired . | . . . . . . Allies Hacked . | . . . . . . Hacks Repelled . | . . . . . . Allies | -11 -10 -10 -9 -9 -8 -------- Run | Scr Mat Min Mat Sto Mat Total Allies 3 | . . 3 . . . Largest Group 3 | . . 3 . . . Highest-Rated Group 40 | . . 40 . . . Highest-Rated Ally 16 | . . 16 . . . Total Orders 18 | . . . . 2 16 EXPLORE 15 | . . . . 2 13 RETURN 3 | . . . . . 3 Ally Attacks 18 | . . 18 . . . Total Damage 221 | . . 221 . . . Kills 4 | . . 4 . . . Allies Corrupted . | . . . . . . Allies Melted . | . . . . . . Intel | -11 -10 -10 -9 -9 -8 ------- Run | Scr Mat Min Mat Sto Mat Robot Analysis Total . | . . . . . . Derelict Logs Recovered 3 | . . 3 . . . Drone Launches 14 | . . . . 14 . Drone Recoveries . | . . . . . . Exploration | -11 -10 -10 -9 -9 -8 ------------- Run | Scr Mat Min Mat Sto Mat Turns Passed 4438 | 64 269 890 405 2582 228 Spaces Moved 2392 | 49 152 657 222 1256 56 Core 18 | 1 . . . 1 16 Treads 1704 | . 80 111 218 1255 40 Legs . | . . . . . . Wheels 670 | 48 72 546 4 . . Hover . | . . . . . . Flight . | . . . . . . Fastest Speed 50 | 50 100 100 110 145 145 Average Speed 136 | 98 131 118 144 145 161 Slowest Speed 450 | 100 160 160 145 450 300 Overloaded Moves . | . . . . . . Propulsion Burnouts . | . . . . . . Robots Hopped . | . . . . . . Cave-ins Triggered 1 | . . . . 1 . Exploration Rate (%) 46 | 4 39 99 20 96 18 Regions Visited 5 Branch Regions 2 Pre-discovered Areas 1 | . . 1 . . . Known Exits Taken 1 | . . . . 1 . Unknown Exits Taken 4 | 1 1 1 1 . . Scrap Searched 1 | . . 1 . . . Spaces Dug 26 | . . 1 . 25 . Terrain Destroyed 158 | . 13 9 3 64 69 Melee 19 | . . . . 19 . Projectile 18 | . . 5 3 10 . AOE 121 | . 13 4 . 35 69 Terrain Rammed . | . . . . . . Walls Destroyed . | . . . . . . Machines Disabled . | . . . . . . Actions | -11 -10 -10 -9 -9 -8 --------- Run | Scr Mat Min Mat Sto Mat Total 3156 | 61 189 737 287 1748 134 Wait 379 | 3 14 52 13 270 27 Move 2387 | 48 151 656 221 1255 56 Hop . | . . . . . . Pick Up 24 | 4 3 2 9 6 . Fast Attach 27 | 6 1 1 6 10 3 Attach 14 | . . 1 1 3 9 Detach 3 | . . 1 1 . 1 Swap 29 | . 4 4 6 15 . Drop 29 | . 1 2 16 10 . Fire 194 | . 15 18 14 120 27 Melee 63 | . . . . 52 11 Ram . | . . . . . . Kick . | . . . . . . Crush . | . . . . . . Escape Stasis . | . . . . . . Rewire . | . . . . . . Trap . | . . . . . . Miscellaneous 7 | . . . . 7 . Route ------- -11/Scrapyard -10/Materials (discovered 2 exits: *Mat / *Min) -10/Mines (discovered 3 exits: *Mat x2 / [*Exi]) -9/Materials (discovered 3 exits: Mat / Min / *Sto) -9/Storage (discovered 2 exits: *Mat / Rec) -8/Materials History --------- Turn | Location | Event 24 | -11/Scrapyard | Discovered new exit (range 16) 65 | -11/Scrapyard | Entered Materials 173 | -10/Materials | Discovered new exit (range 15) 186 | -10/Materials | Discovered new exit (range 5) 314 | -10/Materials | Build established: Mutant 334 | -10/Materials | Entered Mines 403 | -10/Mines | A weapon hastily lodged in a ceiling crevice suddenly fell to the ground 698 | -10/Mines | Learned 2 Materials zone layouts 738 | -10/Mines | Assisted by bots powering up and referring to "LRC-V3" 763 | -10/Mines | Discovered new exit (range 5) 863 | -10/Mines | Received a Rocket Launcher from a helpful Derelict 922 | -10/Mines | Discovered new exit (range 11) 940 | -10/Mines | Learned location of Recycling (-9) 1125 | -10/Mines | Deemed a non-threat by the Exiles lab entrance 1126 | -10/Mines | Discovered new exit (range 5) 1148 | -10/Mines | Learned Materials terminal intel 1224 | -10/Mines | Entered Materials 1224 | -9/Materials | Evolved 2 slots: Propulsion x1, Utility x1 1225 | -9/Materials | Identified exit to Materials 1225 | -9/Materials | Identified exit to Mines 1226 | -9/Materials | Loaded intel: 12 terminal locations 1324 | -9/Materials | Discovered new exit (range 11) 1629 | -9/Materials | Entered Storage 1981 | -9/Storage | Identified exit to Recycling 2427 | -9/Storage | Discovered exit to Materials (range 15) 2610 | -9/Storage | Garrison activated, responded to threat 3702 | -9/Storage | Crushed by falling debris 4109 | -9/Storage | Repaired Adv. Treads 4148 | -9/Storage | Repaired Adv. Treads 4211 | -9/Storage | Entered Materials 4211 | -8/Materials | Accompanied by 12 allies 4211 | -8/Materials | Evolved 2 slots: Utility x2 4296 | -8/Materials | Garrison activated, responded to threat 4403 | -8/Materials | Core integrity fell below 50% 4415 | -8/Materials | Core integrity fell below 20% 4439 | -8/Materials | Destroyed by G-47 Trooper with Particle Gun Last Messages --------------- 04395_ Acquired Med. Matter Pod. 04396_ S-10 Pest emerges from the garrison. 04398_ U-05 Engineer lays Concrete. 04398_ U-05 Engineer destroyed. 04398_ U-05 Engineer lays Concrete. 04398_ Lgt. Treads destroyed. 04399_ U-05 Engineer lays Concrete. 04402_ U-05 Engineer builds a Door. 04402_ U-05 Engineer builds a Wall. 04402_ U-05 Engineer lays Concrete. 04404_ U-05 Engineer builds a Wall. 04404_ Med. Matter Pod destroyed. 04411_ The unstable cave ceiling collapses. 04419_ Acquired Shock Rifle. 04421_ Targeting Computer destroyed. 04422_ S-10 Pest destroyed. 04428_ G-47 Trooper destroyed. 04433_ U-05 Engineer lays Concrete. 04434_ Chain reaction triggered in Lgt. Nuclear Core. 04434_ U-05 Engineer lays Concrete. Map ----- +----------------------------------------------------+ | ????????############+#### # # #??????? | | ????????# # ###+## ##+#####??????? | | ????????# """ # % #???????? | | ????????# "G" + % #???????? | | ????????# " " # #???????? | | ????????# ! # %% ""#"""#"##+####???????? | | ????????# """ ## %%"""" """" #???????? | | ????????# """ ## "" #???????? | | ????????# """ # "" """ #???????? | | ????????# /% "" """ #???????? | | ????????########### # "" """ #???????? | | ???????????????# # %!# "" #???????? | | ???????????????# # = # ""#######???????? | | ???????????????# # # "" #?????????????? | | ???????????????#### # ###?????????????? | | ??????????????????# T#######???????????????? | | ??????????????????# ##?????????????????????? | | ??????????????????# #??????????????????????? | | ??????????????????#t #??????????????????????? | | ?????????????????## ##?????????????????????? | | ?????????????????# #?????????????????????? | | ?????????????????# t ####??????????????????? | | ?????????????????# [#;;###????????????????? | | ?????????????????# !*;* *#????????????????? | | ?????????????????# s=gg= #????????????????? | | ?????????????????###+##;%@ +????????????????? | | ????????????????? w # #????????????????? | | ???????????????# ? ??## ##????????????????? | | ???????????????????? ???# #?????????????????? | | ????????????????????????# #?????????????????? | | ????????????????????????# #?????????????????? | | ????????????????????????# #?????????????????? | | ???????????????????????? ?????????????????? | | ???????????????????????? ?????????????????? | | ???????????????????????? ?????????????????? | | ???????????????????????? #????????????????? | | ????????????????????????#####????????????????? | | ?????????????????????????????????????????????? | | ?????????????????????????????????????????????? | | ?????????????????????????????????????????????? | | ?????????????????????????????????????????????? | | ?????????????????????????????????????????????? | | ?????????????????????????????????????????????? | | ?????????????????????????????????????????????? | | ?????????????????????????????????????????????? | | ?????????????????????????????????????????????? | | ?????????????????????????????????????????????? | | ?????????????????????????????????????????????? | | ?????????????????????????????????????????????? | | ?????????????????????????????????????????????? | +----------------------------------------------------+ Best States ------------- Heat Dissipation 31 Energy Generation 14 Energy Capacity 480 Matter Stores 300 Matter Capacity 400 Sight Range 16 Robot Scan Range 13 Terrain Scan Density 10 Armor Coverage 225 Evasion (%) 40 Targeting Accuracy 10 Armor Integrity Analysis 33 Recoil Reduction 3 Item Schematics ----------------- Adv. Treads | -9/Materials | Scanalyzed Plasma Cannon | -9/Storage | Hacked Robot Schematics ------------------ None Fabricated ------------ Nothing Alien Tech Used ----------------- None Achievements -------------- Release The Drones! Challenges ------------ None Game ------ Seed FlightDamperSuite Manual? 0 Play Time 00:57:09 Cumulative 27.3 hours Start 2021.04.19 @ 15:17:47 End 2021.04.19 @ 16:46:23 Sessions 1 Manual Loads 0 Difficulty Rogue Special Mode None Game No. 14 Rogue 14 Adventurer 0 Explorer 0 Win Type - Total 0 Types 0/0/0/0/0/0/0/0/0 Lore% 11 Gallery% 29 Achievement% 21 Wizard Run 0 Options --------- ASCII 0 Keyboard 0 Movement Mouse Keybinds 0 Fullscreen 2 Font 18/TerminusBold Map View 76x50 Tactical HUD 1 Map Filters NONE Filters NONE Steam 1 RUN: 0b036599-11c6-4df8-96de-5ac1debd4cdd